 Dungeon Crawl Stone Soup version 0.22-a0-362-g535178c (webtiles) character file.

57 b5mith the Slasher (level 3, 0/35 HPs)
             Began as a Minotaur Berserker on Apr 19, 2018.
             Was a Believer of Trog.
             Slain by an ooze (3 damage)
             ... on level 2 of the Dungeon.
             The game lasted 00:03:38 (1296 turns).

b5mith the Slasher (Minotaur Berserker)             Turns: 1296, Time: 00:03:38

Health: 0/35       AC:  4    Str: 22    XL:     3   Next: 73%
Magic:  2/2        EV: 17    Int:  4    God:    Trog [**....]
Gold:   51         SH:  0    Dex: 14    Spells: 2/2 levels left

rFire    . . .     SeeInvis .   a - +0 falchion
rCold    . . .     Gourm    .   (no shield)
rNeg     . . .     Faith    .   b - +0 animal skin
rPois    .         Spirit   .   (helmet restricted)
rElec    .         Reflect  .   (no cloak)
rCorr    .         Harm     .   k - +0 pair of gloves
MR       .....                  i - +0 pair of boots
Stlth    ++........             (no amulet)
HPRegen  0.11/turn              (no ring)
MPRegen  0.08/turn              (no ring)

@: agile, lethally poisoned (0 -> -5), berserk cooldown, slowed, very slow
A: retaliatory headbutt, horns 2
a: Berserk, Trog's Hand, Renounce Religion


You were on level 2 of the Dungeon.
You worshipped Trog.
Trog was pleased with you.
You were very hungry.

You visited 1 branch of the dungeon, and saw 2 of its levels.

You collected 51 gold pieces.

Inventory:

Hand Weapons
 a - a +0 falchion (weapon)
Missiles
 g - 20 sling bullets
Armour
 b - a +0 animal skin (worn)
 i - a +0 pair of boots (worn)
   (You found it on level 1 of the Dungeon)
 k - a +0 pair of gloves (worn)
   (You found it on level 1 of the Dungeon)
Scrolls
 f - a scroll of fog {unknown}
 h - 2 scrolls of magic mapping {unknown}
 l - a scroll of random uselessness {unknown}
 m - 2 scrolls of identify {unknown}
 p - a scroll of enchant weapon {unknown}
Potions
 d - a potion of berserk rage
 j - a potion of lignification {unknown}
 o - a potion of brilliance {unknown}
Comestibles
 c - 2 rations
 n - 3 chunks of flesh


   Skills:
 + Level 4.8 Fighting
 + Level 4.8 Long Blades
 - Level 2.4 Armour
 - Level 2.1 Dodging


You had 2 spell levels left.
You didn't know any spells.

Dungeon Overview and Level Annotations

Branches:
Dungeon (2/15)

Altars:


Innate Abilities, Weirdness & Mutations

You reflexively headbutt those who attack you in melee.
You have a pair of horns on your head.


Message History

You barely miss the adder.
The adder is heavily wounded.
* * * LOW HITPOINT WARNING * * *
You feel sick. The adder bites you.
* * * LOW HITPOINT WARNING * * *
The adder bites you but does no damage.
You barely miss the adder.
The adder is heavily wounded.
* * * LOW HITPOINT WARNING * * *
You feel sick. The adder misses you. You furiously retaliate!
You headbutt the adder. The hobgoblin closely misses you.
A red film seems to cover your vision as you go berserk!
You feel yourself moving faster!
You feel mighty!
You are feeling very hungry.
You feel sick. The adder completely misses you. You furiously retaliate!
You headbutt the adder!
You kill the adder!
Trog accepts your kill.
The hobgoblin hits you but does no damage.
You barely miss the hobgoblin.
You feel sick. The hobgoblin hits you with a club.
* * * LOW HITPOINT WARNING * * *
You hit the hobgoblin. Your headbutt misses the hobgoblin.
The hobgoblin is heavily wounded.
You barely miss the hobgoblin. Your headbutt misses the hobgoblin.
The hobgoblin is heavily wounded.
* * * LOW HITPOINT WARNING * * *
You feel sick. The hobgoblin hits you with a club.
* * * LOW HITPOINT WARNING * * *
You hit the hobgoblin.
You kill the hobgoblin!
Trog accepts your kill.
* * * LOW HITPOINT WARNING * * *
You feel sick.
You feel a strong urge to attack something.
You are no longer berserk.
You are exhausted.
You feel yourself slow down.
* * * LOW HITPOINT WARNING * * *
You feel sick.
It was a potion of agility.
You feel agile all of a sudden.
* * * LOW HITPOINT WARNING * * *
You feel sick.
It was a potion of berserk rage.
You're still recovering from your berserk rage.
The ooze closely misses you.
You riposte.
You hit the ooze.
The ooze is lightly wounded.
The ooze hits you.
You die...

.#.)..............##
.#.#...............#
##.#...............# ##.....!##
...#...............###........##
#..#...............##..........#
#..................##...........
##..........(......##..........#
#.#.........(.....##...........
#.#.......#..(.@J..#.....g....#
#.#..######.....)..)...<.....# #
#..## ##.#.#†.#...........#
#...## #...).(...$..(.......#
#....# #..#.#.$..#.........h.
##...###...).................
##.........###.........h....
##.......### #?.........b###
#...###..# ...#........#($


You could see an ooze.

Vanquished Creatures
  An adder (D:2)
  4 dart slugs
  2 leopard geckos (D:1)
  2 giant cockroaches (D:1)
  3 goblins
  2 hobgoblins
  9 jackals
  A quokka (D:2)
  A ball python (D:1)
  A bat (D:2)
  4 frilled lizards (D:1)
  3 kobolds
  3 rats (D:1)
36 creatures vanquished.

Notes
Turn   | Place    | Note
-------+----------+-------------------------------------------
     0 | D:1      | b5mith the Minotaur Berserker began the quest for the Orb.
     0 | D:1      | Reached XP level 1. HP: 19/19 MP: 0/0
   225 | D:1      | Reached XP level 2. HP: 25/27 MP: 1/1
  1070 | D:1      | Reached XP level 3. HP: 34/34 MP: 2/2
  1165 | D:2      | Reached ** piety under Trog
  1296 | D:2      | Slain by an ooze

Vault maps used:
D:1:      dpeg_chamrin_arrival_tetris
D:2:      serial_glass, glass_columns_a, glass_columns_a, due_unseen_surprise,
          minmay_strange_pillars, first_ration, lemuel_tele_altar

Skill      XL: |  1 |
---------------+----+-----
Fighting       | 4 |  4.8
Long Blades    | 4 |  4.8
Armour         | |  2.4
Dodging        | |  2.1

Action                   || total
-------------------------++-------
Melee: Falchion          ||    69
       Headbutt          ||     9
Invok: Berserk           ||     1
  Use: Potion            ||     2
  Eat: Chunk             ||     1
Armor: Animal skin       ||    16
Dodge: Dodged            ||    61
       Rpst.: Falchion   ||    14

Table legend:
 A = Spawn XP
 B = Non-spawn XP
 C = Spawn XP percentage of total XP
 D = Spawn monster count
 E = Non-spawn monster count
 F = Spawn count percentage of total count
 G = Total turns spent on level
                    A         B        C        D         E        F      G
               +---------+---------+-------+---------+---------+-------+---------
         Total |       0 |      82 |   0.0 |       0 |      36 |   0.0 |  1296
               +---------+---------+-------+---------+---------+-------+---------
           D:1 |       0 |      41 |   0.0 |       0 |      22 |   0.0 |  1135
           D:2 |       0 |      41 |   0.0 |       0 |      14 |   0.0 |   161
               +---------+---------+-------+---------+---------+-------+---------
